Map: Daybreak LE (Void)

Players

Drager

  • Race: Protoss Protoss
  • Spawn Location: 1:00

Stephano - Winner!

  • Race: Zerg Zerg
  • Spawn Location: 7:00

Event: WESG 2016 Finals

VOD

Have the link to the VOD?

Description

Time

  • Played on: Jan. 12, 2017, 4:19 a.m.
  • Length: 9:07

All games in this series

Show
View Real Time Build Order
Export as new Build Order

Drager Protoss 

Build Orders: Zealot Archon, Dark Templar Rush 

Get SALT Encoding   

  12  0:00  Probe (Chrono Boost)  
  13  0:11  Probe (Chrono Boost)  
  14  0:18  Pylon  
  14  0:23  Probe (Chrono Boost)  
  15  0:36  Probe (Chrono Boost)  
  15  0:38  Gateway  
  16  0:46  Probe (Chrono Boost)  
  16  0:48  Assimilator  
  17  0:57  Probe (Chrono Boost)  
  18  1:08  Probe (Chrono Boost)  
  19  1:22  Zealot  
  19  1:28  Cybernetics Core  
  21  1:33  Pylon  
  21  1:39  Probe (Chrono Boost)  
  22  1:47  Zealot  
  22  1:51  Probe (Chrono Boost)  
  27  2:09  Mothership Core (Chrono Boost)  
  27  2:11  Nexus  
  27  2:24  Assimilator  
  27  2:27  Probe (Chrono Boost)  
  27  2:36  Warp Gate  
  27  2:37  Probe (Chrono Boost)  
  28  2:48  Probe (Chrono Boost)  
  29  2:57  Pylon  
  30  2:58  Probe (Chrono Boost)  
  30  3:09  Twilight Council, Probe (Chrono Boost)  
  31  3:17  Robotics Facility  
  31  3:19  Probe (Chrono Boost)  
  32  3:24  Probe (Chrono Boost)  
  33  3:30  Probe (Chrono Boost)  
  34  3:35  Probe (Chrono Boost)  
  34  3:40  Probe (Chrono Boost)  
  36  3:45  Probe (Chrono Boost)  
  36  3:46  Dark Shrine  
  37  3:51  Probe (Chrono Boost)  
  37  3:52  Gateway  
  37  3:53  Gateway  
  38  3:59  Gateway  
  38  4:01  Probe (Chrono Boost)  
  39  4:04  Probe (Chrono Boost)  
  39  4:06  Warp Prism  
  40  4:14  Probe (Chrono Boost)  
  44  4:18  Probe (Chrono Boost)  
  44  4:23  Pylon  
  44  4:24  Probe (Chrono Boost)  
  44  4:30  Probe (Chrono Boost)  
  46  4:33  Assimilator  
  46  4:35  Probe (Chrono Boost)  
  46  4:36  Assimilator  
  47  4:39  Pylon  
  47  4:42  Probe (Chrono Boost)  
  48  4:51  Probe (Chrono Boost)  
  50  4:54  Probe (Chrono Boost)  
  50  5:02  Probe (Chrono Boost)  
  50  5:06  Dark Templar x4, Probe (Chrono Boost)  
  60  5:09  Pylon  
  60  5:19  Immortal  
  61  5:23  Archon, Charge  
  64  5:28  Archon  
  64  5:35  Gateway x2  
  64  5:43  Gateway  
  64  5:49  Gateway  
  64  5:52  Pylon  
  64  5:54  Zealot x2  
  64  5:56  Sentry x2  
  72  6:03  Immortal  
  72  6:05  Pylon  
  76  6:12  Pylon  
  76  6:23  Pylon  
  76  6:31  Dark Templar x2  
  76  6:32  Zealot x2  
  84  6:39  Archon  
  84  6:40  Observer  
  85  6:54  Pylon  
  85  6:58  Zealot x5  
  95  7:10  Dark Templar x2  
  95  7:11  Zealot  
  101  7:15  Archon  
  101  7:18  Zealot x4  
  101  7:20  Zealot  
  97  7:40  Zealot x2  
  97  7:41  Zealot x4  
  83  7:55  Zealot x2  
  69  8:01  Zealot x3  
  67  8:08  Zealot x2  
  57  8:20  Dark Templar, Sentry x2  
  57  8:23  Dark Templar  
  65  8:32  Zealot x4, Archon  
  73  8:45  Dark Templar  
  73  8:46  Dark Templar  
  77  8:50  Archon  
  77  8:53  Zealot x2  
  77  8:54  Sentry x2  
Show
View Real Time Build Order
Export as new Build Order

Stephano Zerg - Winner!

Build Orders: Pool First 

Get SALT Encoding   

  12  0:00  Drone  
  13  0:08  Drone  
  14  0:25  Spawning Pool  
  13  0:29  Drone  
  14  0:36  Overlord  
  14  0:43  Drone, Extractor  
  15  0:54  Drone  
  16  1:11  Queen  
  16  1:12  Zergling x6  
  21  1:25  Zergling x2  
  22  1:35  Hatchery  
  22  1:37  Extractor  
  20  1:41  Overlord  
  20  1:45  Drone  
  21  1:56  Drone  
  22  2:10  Drone  
  23  2:17  Drone  
  23  2:19  Drone  
  23  2:20  Drone x2  
  27  2:33  Drone  
  28  2:43  Overlord  
  28  2:45  Metabolic Boost  
  28  2:51  Hatchery  
  28  2:53  Drone  
  28  3:02  Queen  
  28  3:03  Drone  
  31  3:07  Drone  
  31  3:09  Drone  
  33  3:13  Drone  
  33  3:14  Drone  
  35  3:21  Drone x2  
  35  3:22  Drone  
  38  3:34  Drone x5  
  41  3:41  Overlord  
  43  3:50  Queen, Extractor  
  44  3:58  Roach Warren, Queen  
  44  4:00  Drone x2  
  44  4:02  Drone  
  48  4:03  Drone  
  48  4:05  Drone  
  48  4:06  Drone  
  48  4:08  Drone  
  52  4:11  Drone  
  52  4:13  Drone x2  
  52  4:15  Drone  
  52  4:16  Drone  
  57  4:20  Drone  
  57  4:22  Overlord  
  58  4:33  Spore Crawler, Overlord  
  58  4:34  Spore Crawler, Overlord  
  58  4:35  Drone x2  
  58  4:39  Overlord  
  58  4:41  Drone x2  
  60  4:46  Drone x2  
  60  4:52  Queen  
  64  4:53  Queen  
  64  4:57  Roach  
  64  4:58  Roach  
  70  5:01  Roach  
  70  5:04  Roach x2  
  76  5:08  Roach  
  76  5:09  Roach  
  80  5:15  Roach  
  80  5:16  Overlord  
  80  5:17  Drone x3  
  80  5:20  Drone  
  86  5:22  Evolution Chamber  
  86  5:25  Drone x2  
  87  5:29  Drone x2  
  87  5:31  Drone  
  87  5:35  Overlord  
  90  5:46  Drone  
  90  5:47  Drone x3  
  90  5:48  Zerg Missile Weapons Level 1, Lair  
  94  5:51  Drone x2  
  94  5:52  Drone, Evolution Chamber  
  94  5:55  Extractor x2  
  94  6:00  Roach x3  
  94  6:01  Roach x3  
  94  6:02  Overlord x3  
  106  6:08  Overlord  
  106  6:11  Extractor x2  
  103  6:20  Zerg Ground Armor Level 1  
  103  6:21  Overlord x2  
  103  6:28  Overlord  
  103  6:30  Ravager x2  
  103  6:32  Roach  
  107  6:39  Roach x3  
  114  6:40  Drone x4  
  116  6:50  Glial Reconstitution  
  116  6:52  Roach x5  
  126  6:56  Ravager  
  126  6:57  Queen  
  126  7:00  Ravager  
  129  7:05  Zergling x12  
  129  7:06  Queen x2  
  138  7:11  Ravager x2  
  138  7:12  Overlord  
  138  7:13  Overlord  
  140  7:18  Roach x4  
  140  7:21  Overlord  
  143  7:31  Roach  
  143  7:32  Roach x5  
  143  7:33  Queen  
  154  7:49  Roach x10  
  148  7:58  Roach  
  148  7:59  Roach x4  
  150  8:06  Roach  
  150  8:11  Roach x2  
  150  8:12  Roach x3  
  150  8:17  Overseer  
  148  8:24  Roach x5  
  158  8:33  Ravager x5  
  163  8:36  Ravager  
  164  8:44  Roach x5  
  174  8:49  Hatchery  
Tags
 
Add a new tag
Caveats
  • Supply blocks, unpowered buildings, or Contaminate may cause inaccurate times.
  • Supply counts are checked every 10 seconds.